 Dungeon Crawl Stone Soup version 0.26-a0-651-gb41185065b (webtiles) character file.

Game seed: 16423124918318848987

32 Irenicus the Digger (level 3, -1/28 HPs)
             Began as a Deep Dwarf Earth Elementalist on Sept 30, 2020.
             Slain by Crazy Yiuf
             ... wielding a +2 quarterstaff of chaos
              (5 damage)
             ... on level 2 of the Dungeon.
             The game lasted 00:04:32 (686 turns).

Irenicus the Digger (Deep Dwarf Earth Elementalist)  Turns: 686, Time: 00:04:32

Health: -1/28      AC:  3    Str: 11    XL:     3   Next: 8%
Magic:  2/6        EV: 12    Int: 16    God:
Gold:   61         SH:  0    Dex: 13    Spells: 3/6 levels left

rFire    . . .     SeeInvis .   e - +3 short sword
rCold    . . .     Faith    .   (no shield)
rNeg     . . .     Spirit   .   a - +0 leather armour
rPois    .         Reflect  .   (no helmet)
rElec    .         Harm     .   (no cloak)
rCorr    .         Rampage  .   (no gloves)
MR       +....     Rnd*Tele +   (no boots)
Stlth    ++........             c - amulet of inaccuracy (curse)
HPRegen  0.00/turn              f - ring of protection from magic {MR+, !d}
MPRegen  0.10/turn              g - ring of teleportation (curse) {+/*tele, !d}

@: non-regenerating, lightly drained
A: damage resistance, heal wounds, sense surroundings 1, no regeneration
a: Heal Wounds


You were on level 2 of the Dungeon.
You visited 1 branch of the dungeon, and saw 2 of its levels.

You collected 61 gold pieces.

Inventory:

Hand Weapons
 e - a +3 short sword (weapon)
   (You took it off a kobold on level 1 of the Dungeon)
Missiles
 b - 39 stones (quivered)
 d - 5 javelins
Armour
 a - a +0 leather armour (worn)
   (You found it on level 1 of the Dungeon)
Jewellery
 c - a cursed amulet of inaccuracy (around neck)
   (You found it on level 1 of the Dungeon)
 f - a ring of protection from magic (left hand) {MR+, !d}
   (You found it on level 1 of the Dungeon)
 g - a cursed ring of teleportation (right hand) {+/*tele, !d}
   (You found it on level 1 of the Dungeon)
Potions
 h - a potion of ambrosia {unknown}


   Skills:
 - Level 2.1(1.9) Dodging
 - Level 2.4(2.1) Stealth
 + Level 2.4(2.2) Spellcasting
 - Level 0.8(0.6) Transmutations
 + Level 4.9(4.6) Earth Magic


You had 3 spell levels left.
You knew the following spells:

 Your Spells              Type           Power        Failure   Level
a - Sandblast             Erth           ###...       4%          1
w - Passwall              Tmut/Erth      ##......     14%         2

Your spell library contained the following spells:

 Spells                   Type           Power        Failure   Level
 Stone Arrow              Conj/Erth      #.....       30%         3
 Petrify                  Tmut/Erth      ##......     65%         4
 Lee's Rapid Deconstruct  Erth           ###.......   73%         5


Dungeon Overview and Level Annotations

Branches:
Dungeon (2/15)

Altars:
Dithmenos

Annotations:
D:2 Crazy Yiuf


Innate Abilities, Weirdness & Mutations

You are resistant to damage.
You can heal yourself by infusing magical energy.
You passively map a small area around you.
You do not regenerate.


Message History

Things that are here:
a +0 whip; a kobold corpse You open the door.
A bat comes into view.
The bat misses you. The bat hits you but does no damage.
The bat barely misses you.
There is an open door here.
The bat closely misses you. x2
The bat misses you.
You open the door. The bat hits you. The bat closely misses you.
Casting: Sandblast (safe; 3% risk of failure)
Confirm with . or Enter, or press ? or * to list all spells.
Aiming: Sandblast (safe; 3% risk of failure)
Press: ? - help, Shift-Dir - straight line, f - bat
Aim: a bat The blast of sand misses the bat.
b - 44 stones The bat hits you but does no damage.
You now have 2/6 mp.
The bat hits you but does no damage.
There is an open door here.
You hit the bat.
You kill the bat!
You open the door.
There is an open door here.
You open the door.
There is an open door here.
There is an open door here.
MP restored: 6
There is a stone staircase leading down here.
You climb downwards.
The giant cockroach barely misses you.
The giant cockroach bites you but does no damage.
There is a stone staircase leading up here.
You closely miss the giant cockroach. The giant cockroach closely misses you.
Casting: Sandblast (safe; 3% risk of failure)
Confirm with . or Enter, or press ? or * to list all spells.
Aiming: Sandblast (safe; 3% risk of failure)
Press: ? - help, Shift-Dir - straight line, f - giant cockroach
Aim: a giant cockroach The blast of sand hits the giant cockroach!
You kill the giant cockroach!
b - 43 stones You now have 5/6 mp.
MP restored: 6
There is a stone staircase leading up here.
Found a stone staircase leading up.
Found a stone staircase leading down.
There is a stone staircase leading up here.
There is a stone staircase leading down here.
You see here a mace.
You see here a mace.
Crazy Yiuf sings, "Trees, trees, trees, circus!"
You see here a mace.
Crazy Yiuf sings, "Trees, trees, trees, circus!"
You see here a mace.
Crazy Yiuf screams, "Candle!"
You see here a mace.
You open the door.
Casting: Sandblast (safe; 3% risk of failure)
Confirm with . or Enter, or press ? or * to list all spells.
Aiming: Sandblast (safe; 3% risk of failure)
Press: ? - help, Shift-Dir - straight line, f - Crazy Yiuf
Aim: Crazy Yiuf, wielding a +2 quarterstaff of chaos and wearing a +0 cloak The blast of sand hits Crazy Yiuf but does no damage.
b - 42 stones Crazy Yiuf hits you with a +2 quarterstaff of chaos.
* * * LOW HITPOINT WARNING * * *
Crazy Yiuf freezes you.
You take 3 damage, and have 5/28 hp.
You now have 5/6 mp.
Casting: Sandblast (safe; 3% risk of failure)
Confirm with . or Enter, or press ? or * to list all spells.
Aiming: Sandblast (safe; 3% risk of failure)
Press: ? - help, Shift-Dir - straight line, f/p - Crazy Yiuf
Aim: Crazy Yiuf, wielding a +2 quarterstaff of chaos and wearing a +0 cloak The blast of sand misses Crazy Yiuf.
b - 41 stones Crazy Yiuf hits you with a +2 quarterstaff of chaos.
* * * LOW HITPOINT WARNING * * *
You feel drained.
You take 1 damage, and have 4/28 hp.
You now have 4/6 mp.
Casting: Sandblast (safe; 4% risk of failure)
Confirm with . or Enter, or press ? or * to list all spells.
Aiming: Sandblast (safe; 4% risk of failure)
Press: ? - help, Shift-Dir - straight line, f/p - Crazy Yiuf
Aim: Crazy Yiuf, wielding a +2 quarterstaff of chaos and wearing a +0 cloak The blast of sand hits Crazy Yiuf but does no damage.
b - 40 stones Crazy Yiuf barely misses you.
You now have 3/6 mp.
Casting: Sandblast (safe; 4% risk of failure)
Confirm with . or Enter, or press ? or * to list all spells.
Aiming: Sandblast (safe; 4% risk of failure)
Press: ? - help, Shift-Dir - straight line, f/p - Crazy Yiuf
Aim: Crazy Yiuf, wielding a +2 quarterstaff of chaos and wearing a +0 cloak The blast of sand hits Crazy Yiuf.
Crazy Yiuf is moderately wounded.
b - 39 stones Crazy Yiuf hits you with a +2 quarterstaff of chaos!
You die...

♣♣♣♣♣### ###
*♣♣♣)♣)...##
#)))#♣))♣).♣...##
#.))g@♣♣♣♣......#
#)))#♣♣ ♣♣.....#
###* ♣♣##..# #.##
#.# ##########
##.#
#........######..#
#...............##
,
##........########


You could see Crazy Yiuf.

Vanquished Creatures
  A dart slug (D:1)
  4 giant cockroaches
  7 goblins
  2 hobgoblins (D:1)
  6 kobolds
  3 bats (D:1)
  A frilled lizard (D:1)
  5 rats (D:1)
29 creatures vanquished.

Notes
Turn   | Place    | Note
-------+----------+-------------------------------------------
     0 | D:1      | Irenicus the Deep Dwarf Earth Elementalist began the quest
                  | for the Orb.
     0 | D:1      | Reached XP level 1. HP: 15/15 MP: 3/3
    85 | D:1      | Reached skill level 2 in Spellcasting
   108 | D:1      | Reached XP level 2. HP: 14/22 MP: 0/5
   259 | D:1      | Irenicus: ?? inac
   259 | D:1      | beem: inac ~ inacc ~ amulet of inaccuracy[1/1]: -5 To hit
                  | in melee and range (for the person wearing it). This will
                  | affect anything (spells, breath, you name it) that has a
                  | chance to miss. The only always-bad normal amulet. Always
                  | comes cursed in 0.15.
   370 | D:2      | Learned a level 2 spell: Passwall
   386 | D:2      | Found a shadowy altar of Dithmenos.
   523 | D:1      | Reached XP level 3. HP: 13/28 MP: 4/6
   678 | D:2      | Found a runed translucent door.
   679 | D:2      | Noticed Crazy Yiuf
   683 | D:2      | HP: 5/28 [Crazy Yiuf/+2 quarterstaff of chaos (3)]
   686 | D:2      | Slain by Crazy Yiuf

Illustrated notes

Levels and vault maps discovered:
D:1:      tarquinn_simple_flora_water_c, layout_loops_ring, minmay_door_square
D:2:      layout_rooms, lemuel_coloured_pillars_altar,
          nicolae_overflow_crystal_walls, lemuel_doored_altar,
          uniq_crazy_yiuf_cottage

Skill      XL: |  1 |
---------------+----+-----
Spellcasting   | 2 |  2.4
Dodging        | |  2.1
Stealth        | |  2.4
Transmutations | |  0.8
Earth Magic    | |  4.9

Action                   || total
-------------------------++-------
Melee: Unarmed           ||     8
       Club              ||     6
       Short sword       ||    26
 Cast: Sandblast         ||    33
       Passwall          ||     2
  Use: Scroll            ||     2
 Stab: Sleeping          ||     1
Armor: Robe              ||     7
       Leather armour    ||     8
Dodge: Dodged            ||    38

Table legend: (Time is in decaauts)
 A = Elapsed time spent in this place.
 B = Non-inter-level travel time spent in this place.
 C = Inter-level travel time spent in this place.
 D = Time resting spent in this place.
 E = Time spent auto-exploring this place.
 F = Levels seen in this place.
 G = Mean time per level.
                   A        B        C        D        E       F      G
               +--------+--------+--------+--------+--------+-----+--------+
         Total |    689 |    689 |      0 |      0 |      0 |   2 |  344.5 |
       Dungeon |    689 |    689 |      0 |      0 |      0 |   2 |  344.5 |
               +--------+--------+--------+--------+--------+-----+--------+

Top non-repeatable levels by time:
     D:1: 515 daAuts
     D:2: 173 daAuts

Table legend:
 A = Kills in this place as a percentage of kills in entire the game.
 B = Kills by you in this place as a percentage of kills by you in the entire game.
 C = Kills by friends in this place as a percentage of kills by friends in the entire game.
 D = Other kills in this place as a percentage of other kills in the entire game.
 E = Experience gained in this place as a percentage of experience gained in the entire game.
 F = Experience gained in this place divided by the number of levels of this place that you have seen.
                   A       B       C       D       E      F
               +-------+-------+-------+-------+-------+----------------------
         Total | 100.0 | 100.0 |   N/A |   N/A | 100.0 |  23.0
       Dungeon | 100.0 | 100.0 |   N/A |   N/A | 100.0 |  23.0
               +-------+-------+-------+-------+-------+----------------------
